 Dungeon Crawl Stone Soup version 0.31-a0-521-gc7390f8997 (webtiles) character file.

Game seed: 1202198020521882337

71 gruber the Chiller (level 4, 30/30 HPs)
             Began as a Demonspawn Ice Elementalist on Aug 10, 2023.
             Quit the game on level 2 of the Dungeon.
             The game lasted 00:01:49 (1138 turns).

gruber the Chiller (Demonspawn Ice Elementalist)    Turns: 1138, Time: 00:01:49

Health: 30/30      AC:  2    Str:  8    XL:     4   Next: 5%
Magic:  0/7        EV: 12    Int: 19    God:
Gold:   65         SH:  4    Dex: 13    Spells: 6/7 levels left

rFire   . . .        d - +0 short sword
rCold   . . .        (no shield)
rNeg    . . .        a - +0 robe
rPois   .            (no helmet)
rElec   .            (no cloak)
rCorr   .            (no gloves)
SInv    .            (no boots)
Will    .....        (no amulet)
Stlth   ++           (no ring)
HPRegen 0.25/turn    (no ring)
MPRegen 0.10/turn

%: no passive effects
@: no status effects
A: large bone plates 1, ignite blood 1, powered by pain 1
a: no special abilities


You were on level 2 of the Dungeon.
You visited 1 branch of the dungeon, and saw 2 of its levels.

You collected 65 gold pieces.

Inventory:

Hand Weapons
 d - a +0 short sword (weapon)
Missiles
 e - 5 poisoned darts
Armour
 a - a +0 robe (worn)
Jewellery
 k - a +5 ring of evasion
Scrolls
 c - a scroll of vulnerability {unknown}
 g - a scroll of teleportation {unknown}
 h - a scroll of noise {unknown}
 i - a scroll of fear {unknown}
Potions
 b - a potion of magic
 f - a potion of degeneration {unknown}
 j - a potion of invisibility {unknown}


   Skills:
 - Level 1.7 Dodging
 - Level 1.7 Stealth
 - Level 2.0 Spellcasting
 + Level 5.1 Ice Magic


You had 6 spell levels left.
You knew the following spells:

 Your Spells              Type           Power      Damage    Failure   Level
a - Freeze                Ice            84%        1d9       1%          1

Your spell library contained the following spells:

 Spells                   Type           Power      Damage    Failure   Level
 Frozen Ramparts          Ice            42%        1d7       6%          3
 Ozocubu's Armour         Ice            21%        N/A       6%          3
 Kiss of Death            Conj/Necr      4%         2d5       17%         1
 Confusing Touch          Hex            1%         N/A       45%         3
 Summon Guardian Golem    Hex/Summ       1%         N/A       45%         3
 Summon Ice Beast         Ice/Summ       11%        N/A       50%         4
 Dispel Undead            Necr           1%         3d6       86%         4
 Orb of Destruction       Conj           0%         9d5       100%        7
 Spellforged Servitor     Conj/Summ      0%         N/A       100%        7


Dungeon Overview and Level Annotations

Branches:
Dungeon (2/15)

Altars:

Shops:
D:1 [


Innate Abilities, Weirdness & Mutations

You are partially covered in large bone plates. (SH +4)
Your demonic aura sometimes causes spilled blood to erupt in flames.
You sometimes gain a little power by taking damage.


Message History

An adder is nearby!
An adder is nearby!
An adder is nearby!
Found a sling.
The adder hisses angrily.
Found 6 boomerangs.
The adder bites you.
You are poisoned.
The adder poisons you!
You freeze the adder!
The adder is almost dead.
The adder seems to slow down.
You feel sick. You block the adder's attack.
You freeze the adder.
The adder is almost dead.
The adder seems to slow down.
You feel sick.
You freeze the adder.
You kill the adder!
You feel sick.
Your Ice Magic skill increases to level 5!
You are out of magic!
You feel sick.
You are no longer poisoned.
An adder comes into view.
An adder is nearby!
An adder is nearby!
The adder hisses angrily.
You freeze the adder!
The adder is severely wounded.
The adder seems to slow down.
The adder closely misses you.
You freeze the adder.
The adder is almost dead.
The adder bites you but does no damage.
You freeze the adder.
You kill the adder!
You have reached level 4!
You feel clever.
Your demonic ancestry asserts itself...
Your blood heats up.
Unknown command.
Are you sure you want to abandon this character and quit the game? (Confirm with "yes".)
Okay, then.
Are you sure you want to abandon this character and quit the game? (Confirm with "yes".)

#. #.#..#.# .. .# #..
).#.#.# ..# ...##..
...#.###..
....!...####.......###
..........##..........
...................#.#
.............†.......###
................@.......
....................#..#
..............†.....#
......>>......$.....#
......†.............#
####...<............#
##.....##.....##..#
############## #... ##..


There were no monsters in sight!

Vanquished Creatures
  4 adders (D:2)
  A dart slug (D:1)
  4 ball pythons
  3 bats
  2 endoplasms (D:1)
  2 giant cockroaches (D:1)
  2 goblins (D:1)
  4 hobgoblins
  2 kobolds (D:1)
  2 quokkas (D:1)
  2 frilled lizards (D:1)
  2 rats (D:1)
30 creatures vanquished.

Notes
Turn   | Place    | Note
-------+----------+-------------------------------------------
     0 | D:1      | gruber the Demonspawn Ice Elementalist began the quest for
                  | the Orb.
     0 | D:1      | Reached XP level 1. HP: 13/13 MP: 3/3
   150 | D:1      | Reached skill level 4 in Ice Magic
   202 | D:1      | Gained mutation: You sometimes gain a little power by
                  | taking damage. [demonic ancestry]
   202 | D:1      | Reached XP level 2. HP: 19/19 MP: 5/5
   564 | D:1      | Found Plog's Armour Shop.
   972 | D:1      | Gained mutation: You are partially covered in large bone
                  | plates. (SH +4) [demonic ancestry]
   972 | D:1      | Reached XP level 3. HP: 24/24 MP: 4/6
  1106 | D:2      | Reached skill level 5 in Ice Magic
  1138 | D:2      | Gained mutation: Your demonic aura sometimes causes spilled
                  | blood to erupt in flames. [demonic ancestry]
  1138 | D:2      | Reached XP level 4. HP: 30/30 MP: 0/7
  1138 | D:2      | Quit the game

Illustrated notes

Levels and vault maps discovered:
D:1:      saegor_arrival_simple_b, layout_loops_ring, serial_shops,
          nicolae_shop_real_fake_doors, roderic_st_hans_cross
D:2:      layout_rooms, grunt_decor_mini_mirrors,
          hangedman_abyss_or_decor_lesser_grid

Skill      XL: |  1  2  3 |
---------------+----------+-----
Ice Magic      | 4 5 |  5.1
Dodging        | |  1.7
Stealth        | |  1.7
Spellcasting   | |  2.0

Action                     |  1- 3 |  4- 6 || total
---------------------------+-------+-------++-------
  Melee: Short sword       |    34 |       ||    34
         Unarmed           |     3 |       ||     3
   Cast: Freeze            |    37 |       ||    37
 Armour: Robe              |    17 |       ||    17
  Dodge: Dodged            |    45 |       ||    45
  Block: Other             |     2 |       ||     2

Table legend: (Time is in decaauts)
 A = Elapsed time spent in this place.
 B = Non-inter-level travel time spent in this place.
 C = Inter-level travel time spent in this place.
 D = Time resting spent in this place.
 E = Time spent auto-exploring this place.
 F = Levels seen in this place.
 G = Mean time per level.
                   A        B        C        D        E       F      G
               +--------+--------+--------+--------+--------+-----+--------+
         Total |   1137 |   1098 |     39 |      0 |    898 |   2 |  568.5 |
       Dungeon |   1137 |   1098 |     39 |      0 |    898 |   2 |  568.5 |
               +--------+--------+--------+--------+--------+-----+--------+

Top non-repeatable levels by time:
     D:1: 1030 daAuts
     D:2: 106 daAuts
